 Dungeon Crawl Stone Soup version 0.19.3-1-g3169bf9 (console) character file.

174 Grinner the Cudgeler (level 5, -2/50 HPs)
             Began as an Ogre Gladiator on Jan 26, 2017.
             Slain by an orc wizard
             ... wielding a +0 dagger
              (5 damage)
             ... on level 3 of the Dungeon.
             The game lasted 00:04:53 (1992 turns).

Grinner the Cudgeler (Ogre Gladiator)               Turns: 1992, Time: 00:04:54

Health: -2/50      AC:  5    Str: 21    XL:     5   Next: 54%
Magic:  5/5        EV: 11    Int:  7    God:
Gold:   113        SH:  0    Dex: 10    Spells: 0 memorised, 4 levels left

rFire  . . .     SeeInvis .     a - +0 flail
rCold  . . .     Gourm    .     b - +0 robe
rNeg   . . .     Faith    .     (no shield)
rPois  .         Spirit   .     c - +0 hat
rElec  .         Reflect  .     t - +1 cloak
rCorr  .         Harm     .     (gloves unavailable)
MR     .....                    (boots unavailable)
Stlth  +.........               (no amulet)
                                (no ring)
                                (no ring)

@: lethally poisoned (-2 -> -4)
A: unfitting armour, tough skin 1
a: no special abilities


You were on level 3 of the Dungeon.
You were not hungry.

You visited 1 branch of the dungeon, and saw 3 of its levels.

You collected 113 gold pieces.

Inventory:

Hand Weapons
 a - a +0 flail (weapon)
Armour
 b - a +0 robe (worn)
 c - a +0 hat (worn)
 t - a +1 cloak (worn)
Scrolls
 e - 2 scrolls of identify {unknown}
 h - 2 scrolls of magic mapping {unknown}
 i - a scroll of recharging {unknown}
 k - a scroll of amnesia {unknown}
 l - a scroll of remove curse {unknown}
 n - a scroll of enchant armour {unknown}
 r - 2 scrolls of teleportation {unknown}
 s - a scroll of noise {unknown}
Comestibles
 f - a bread ration
 m - a slice of pizza
 o - a meat ration
 p - a beef jerky
 q - 4 fruits


   Skills:
 - Level 2.6 Fighting
 * Level 7.0 Maces & Flails
 - Level 2.0 Throwing
 + Level 3.7 Dodging


You had 4 spell levels left.
You didn't know any spells.

Dungeon Overview and Level Annotations

Branches:
Dungeon (3/15)

Altars:


Innate Abilities, Weirdness & Mutations

You are too large for most types of armour.
You have tough skin. (AC +1)


Message History

You hear some strange, mumbled words.
A magic dart appears from out of thin air!
The magic dart hits you! Something hits you but does no damage.
You sock something!
You feel sick. Something hits you.
You miss something. Something hits you.
* * * LOW HITPOINT WARNING * * *
Something hits you.
* * * LOW HITPOINT WARNING * * *
You miss something.
You hear some strange, mumbled words.
A puff of frost appears from out of thin air!
The puff of frost misses you. Something hits you.
* * * LOW HITPOINT WARNING * * *
It was a potion of cure mutation.
It has a very clean taste.
You feel sick.
You hear some strange, mumbled words.
A puff of frost appears from out of thin air!
The puff of frost hits you!
* * * LOW HITPOINT WARNING * * *
It was a potion of magic.
Magic courses through your body. Something hits you.
You die...

###########
#######o{@.......
.#.....lo#########
.........##
.......<..##
...........#
#.<........#
#..........#
#..........#
#.......o..#


You could see 2 orcs and a frilled lizard.

Vanquished Creatures
  Ijyb (D:2)
  Natasha (D:2)
  5 adders
  2 oozes (D:1)
  3 worms
  3 dart slugs (D:1)
  2 orcs (D:3)
  2 giant cockroaches (D:2)
  4 goblins
  8 hobgoblins
  4 jackals (D:1)
  5 kobolds
  A quokka (D:2)
  5 bats
  2 frilled lizards
  11 rats
59 creatures vanquished.

Notes
Turn   | Place    | Note
-------+----------+-------------------------------------------
     0 | D:1      | Grinner the Ogre Gladiator began the quest for the Orb.
     0 | D:1      | Reached XP level 1. HP: 22/22 MP: 1/1
    87 | D:1      | Reached XP level 2. HP: 27/29 MP: 2/2
   305 | D:1      | Reached skill level 5 in Maces & Flails
   315 | D:1      | Reached XP level 3. HP: 36/36 MP: 3/3
  1025 | D:1      | Reached XP level 4. HP: 7/44 MP: 4/4
  1360 | D:2      | Reached skill level 6 in Maces & Flails
  1661 | D:2      | Noticed Natasha
  1661 | D:2      | Noticed Ijyb
  1671 | D:2      | Killed Natasha
  1671 | D:2      | Reached XP level 5. HP: 50/50 MP: 5/5
  1684 | D:2      | Killed Ijyb
  1980 | D:3      | Reached skill level 7 in Maces & Flails
  1992 | D:3      | Slain by an orc wizard

Skill      XL: |  1  2  3  4  5 |
---------------+----------------+-----
Maces & Flails | 5 6 7 |  7.0
Dodging        | 3 |  3.7
Fighting       | |  2.6
Throwing       | |  2.0

Action                   |  1- 3 |  4- 6 || total
-------------------------+-------+-------++-------
Melee: Flail             |    69 |   130 ||   199
Throw: Throwing net      |       |     8 ||     8
  Use: Potion            |       |     5 ||     5
 Stab: Sleeping          |     1 |       ||     1
       Held in net/web   |       |     1 ||     1
  Eat: Chunk             |       |     4 ||     4
Armor: Robe              |    20 |    21 ||    41
       Skin              |       |    16 ||    16
Dodge: Dodged            |    55 |    78 ||   133
